 Dungeon Crawl Stone Soup version 0.28-a0-863-g8cecda6153 (webtiles) character file.

Game seed: 726233542636991775

11130 Peloso the Carver (level 11, -8/99 HPs)
             Began as a Minotaur Fighter on Nov 19, 2021.
             Was an Elder of Okawaru.
             Mangled by a thrashing horror (11 damage)
             ... on level 1 of the Abyss.
             The game lasted 00:31:24 (11596 turns).

Peloso the Carver (Minotaur Fighter)               Turns: 11596, Time: 00:31:25

Health: -8/99      AC: 22    Str: 23    XL:     11   Next: 45%
Magic:  1/1        EV:  9    Int: 12    God:    Okawaru [****..]
Gold:   601        SH:  6    Dex: 15    Spells: 10/10 levels left

rFire   . . .      SeeInvis .   a - +8 falchion of Piaki {drain, rPois MP-9 Int+7 Dex+4}
rCold   . . .      Faith    .   c - +0 buckler
rNeg    . . .      Spirit   .   w - +0 plate armour
rPois   +          Reflect  .   (helmet restricted)
rElec   .          Harm     .   h - +0 cloak
rCorr   .          Rampage  .   B - +0 pair of gloves
Will    +....                   (no boots)
Stlth   ..........              F - amulet of Nedgher {Will+ Regen+}
HPRegen 0.00/turn               k - +4 ring of protection
MPRegen 0.07/turn               (no ring)

@: sick
A: horns 2, retaliatory headbutt
a: Renounce Religion, Heroism, Finesse


You were on level 1 of the Abyss.
You worshipped Okawaru.
Okawaru was greatly pleased with you.
You visited 2 branches of the dungeon, and saw 11 of its levels.
You visited the Abyss 1 time.

You collected 601 gold pieces.

Inventory:

Hand Weapons
 a - the +8 falchion of Piaki (weapon) {drain, rPois MP-9 Int+7 Dex+4}
   (You found it on level 10 of the Dungeon)

   A truly terrible weapon, it drains the life of any living foe it strikes.
   Int:       It affects your intelligence (+7).
   Dex:       It affects your dexterity (+4).
   rPois:     It protects you from poison.
   MP:        It affects your magic capacity (-9).
 b - a +0 scimitar of flaming
 v - the +11 hunting sling "Waizazirr" {freeze, rElec rF++}
   (You found it on level 8 of the Dungeon)

   Any ammunition fired from it freezes those it strikes, dealing additional
   cold damage.
   It can also slow down cold-blooded creatures.
   rF:        It greatly protects you from fire.
   rElec:     It insulates you from electricity.
 A - the +5 sword of Power {vorpal}
   (You found it on level 6 of the Dungeon)

   It inflicts extra damage upon your enemies.
   It occasionally discharges a powerful but inaccurate bolt of energy upon
   striking a foe, with increased chance the greater the wielder's current
   health.
Armour
 c - a +0 buckler (worn)
 h - a +0 cloak (worn)
 w - a +0 plate armour (worn)
 B - a +0 pair of gloves (worn)
Jewellery
 j - a ring of fire
 k - a +4 ring of protection (left hand)
 p - a ring of flight
 t - an amulet of regeneration
 E - a ring of ice
 F - the amulet of Nedgher (around neck) {Will+ Regen+}
   (You found it on level 10 of the Dungeon)

   [amulet of regeneration]

   Regen:     It increases your rate of health regeneration.
   Will:      It increases your willpower.
Wands
 q - a wand of charming (9)
 x - a wand of digging (3)
Scrolls
 f - a scroll of fog
 i - 3 scrolls of immolation
 l - a scroll of magic mapping
 m - 2 scrolls of summoning
 r - 2 scrolls of enchant weapon {unknown}
 s - a scroll of blinking {unknown}
 u - a scroll of teleportation
 y - 2 scrolls of fear {unknown}
 G - a scroll of identify
Potions
 d - 3 potions of might
 e - a potion of resistance {unknown}
 g - a potion of degeneration
 n - a potion of lignification {unknown}
 o - a potion of flight {unknown}
 C - a potion of brilliance {unknown}
Miscellaneous
 D - a piece from Xom's chessboard (15/15)


   Skills:
 + Level 9.7 Fighting
 + Level 13.5 Long Blades
 + Level 12.2 Armour
 + Level 4.0 Dodging
 + Level 1.8 Stealth
 + Level 7.9 Shields
 + Level 1.0 Invocations


You had 10 spell levels left.
You didn't know any spells.
Your spell library contained the following spells:

 Spells                   Type           Power      Damage    Failure   Level
 Corpse Rot               Necr/Air       0%         N/A       99%         2
 Poisonous Vapours        Pois/Air       0%         N/A       99%         2
 Ignite Poison            Fire/Tmut/Pois 0%         N/A       100%        3
 Mephitic Cloud           Conj/Pois/Air  0%         N/A       100%        3
 Freezing Cloud           Conj/Ice/Air   0%         6-21      100%        5


Dungeon Overview and Level Annotations

Branches:
Dungeon (10/15)            Temple (1/1) D:7            Lair (0/6) D:10
    Orc: D:9-12

Altars:
Ashenzari
Cheibriados
Dithmenos
Elyvilon
Fedhas
Hepliaklqana
Kikubaaqudgha
Makhleb
Nemelex Xobeh
Okawaru
Qazlal
Sif Muna
Trog
Uskayaw
Vehumet
Wu Jian
Xom
Zin
The Shining One

Annotations:
D:5 2 transporters
D:10 Sonja


Innate Abilities, Weirdness & Mutations

You have a pair of horns on your head.
You reflexively headbutt those who attack you in melee.


Message History

You hit the thrashing horror but do no damage.
Your headbutt misses the thrashing horror.
The thrashing horror is almost destroyed.
The thrashing horror tramples you but does no damage.
The thrashing horror tramples you.
* * * LOW HITPOINT WARNING * * *
You hold your ground!
You slash the thrashing horror! You headbutt the thrashing horror.
You destroy the thrashing horror!
Okawaru is honoured by your kill.
An ancient zyme comes into view.
You feel yourself growing ill in the presence of the ancient zyme.
Your Dodging skill increases to level 4!
Unknown command.
You slash the thrashing horror!
The thrashing horror is severely damaged.
You block the thrashing horror's attack.
The thrashing horror tramples you but does no damage.
Unknown command.
You slash the thrashing horror!
The thrashing horror is almost destroyed.
The thrashing horror closely misses you.
You furiously retaliate!
You headbutt the thrashing horror!
You destroy the thrashing horror!
Okawaru accepts your kill. The thrashing horror tramples you.
* * * LOW HITPOINT WARNING * * *
You hold your ground!
The thrashing horror tramples you but does no damage.
You slice the thrashing horror!!
The thrashing horror is severely damaged.
The thrashing horror churns violently!
The thrashing horror seems to grow stronger.
You feel ill.
Unknown command.
You slash the thrashing horror!
Your headbutt misses the thrashing horror.
The thrashing horror is almost destroyed.
The thrashing horror tramples you!
You die...

#. . .. ≈ ##..
.#..# ≈ .# .#.. #
≈≈ ##..# ..#
..... ##..#.#.2 #
# .#..#.. !#.#.
#.
≈..###.)###.....#
| . # ≈
##.....#@.# . .
... #.xX###
≈..#..#.# ##..#
#. .# #.#..#.
...# # #. #....#.
.#.# . . # ..#
...# . . ...#
#...# # ....#
..#... . #...
....


You could see an ancient zyme and a thrashing horror (strong).

Vanquished Creatures
  Erica (D:10)
  A two-headed ogre (D:10)
  2 thrashing horrors (Abyss:1)
  Nergalle (D:10)
  A titan skeleton (Abyss:1)
  Pikel (D:7)
  A deep elf pyromancer (D:10)
  An ugly thing (D:10)
  An unseen horror (D:10)
  Psyche (D:9)
  An efreet (Abyss:1)
  A komodo dragon (D:10)
  A troll (D:7)
  Grinder (D:3)
  3 hornets
  3 yaks (D:10)
  A wyvern (D:9)
  A fire bat (Abyss:1)
  A vampire (D:10)
  A steam dragon (D:5)
  The ghost of xoxolimbo the Firebug, an amateur DsFE (D:4)
  3 ice beasts
  A necrophage (D:5)
  4 orc warriors
  A centaur (D:6)
  2 lemures (D:7)
  A kobold brigand (D:9)
  2 bullfrogs
  2 gnoll sergeants
  4 scorpions
  A water moccasin skeleton (D:5)
  6 killer bees (D:9)
  2 howler monkeys
  14 wights
  A bullfrog zombie (D:4)
  3 centaur zombies
  4 orc priests
  A bullfrog skeleton (D:6)
  2 gnoll shamans (D:5)
  5 hounds
  4 iguanas
  A scorpion zombie (D:5)
  8 orc wizards
  2 hound skeletons (D:4)
  Robin (D:2)
  14 gnolls
  A howler monkey skeleton (D:5)
  9 adders
  A shadow imp (D:8)
  2 white imps
  3 ufetubi
  4 worms
  3 dart slugs
  35 orcs
  10 ball pythons
  5 bats
  5 endoplasms
  4 giant cockroaches
  10 goblins
  14 hobgoblins
  2 jackals (D:1)
  12 kobolds
  7 quokkas
  A frilled lizard (D:1)
  25 rats
268 creatures vanquished.

Vanquished Creatures (others)
  19 plants (D:10)
19 creatures vanquished.

Grand Total: 287 creatures vanquished

Notes
Turn   | Place    | Note
-------+----------+-------------------------------------------
     0 | D:1      | Peloso the Minotaur Fighter began the quest for the Orb.
     0 | D:1      | Reached XP level 1. HP: 19/19 MP: 0/0
   244 | D:1      | Reached XP level 2. HP: 24/27 MP: 1/1
   519 | D:1      | Found a faded altar of an unknown god.
   645 | D:1      | Reached skill level 3 in Long Blades
   645 | D:1      | Reached XP level 3. HP: 26/33 MP: 2/2
  1182 | D:2      | Reached XP level 4. HP: 28/40 MP: 3/3
  1984 | D:3      | Noticed Robin
  2000 | D:2      | Reached XP level 5. HP: 35/47 MP: 4/4
  2085 | D:2      | Killed Robin
  2090 | D:2      | Reached skill level 4 in Long Blades
  2288 | D:3      | Noticed Grinder
  2295 | D:3      | Paralysed by Grinder for 6 turns
  2306 | D:3      | Paralysed by Grinder for 5 turns
  2312 | D:3      | Killed Grinder
  2313 | D:3      | Reached skill level 5 in Fighting
  2313 | D:3      | Reached skill level 5 in Long Blades
  2313 | D:3      | Reached skill level 5 in Armour
  2313 | D:3      | Reached skill level 1 in Dodging
  2313 | D:3      | Reached XP level 6. HP: 9/56 MP: 5/5
  2750 | D:3      | Found a blossoming altar of Fedhas.
  2768 | D:3      | Found a bloodstained altar of Trog.
  3322 | D:4      | Reached XP level 7. HP: 48/61 MP: 6/6
  3489 | D:4      | Found a runed translucent door.
  3499 | D:4      | Noticed xoxolimbo's ghost (amateur DsFE)
  3574 | D:4      | Reached skill level 1 in Stealth
  3588 | D:4      | Reached skill level 6 in Long Blades
  3894 | D:4      | Found a shimmering blue altar of Sif Muna.
  3926 | D:4      | Found an ornate altar of the Wu Jian Council.
  4061 | D:5      | Entered Level 5 of the Dungeon
  4072 | D:5      | Noticed a steam dragon
  4201 | D:5      | Killed a steam dragon
  4322 | D:5      | Noticed a yak
  4322 | D:5      | Noticed a hornet
  4323 | D:5      | Found a glowing silver altar of Zin.
  4323 | D:5      | Found a transporter.
  4331 | D:5      | Found a transporter.
  4640 | D:5      | Reached skill level 7 in Long Blades
  4640 | D:5      | Reached skill level 5 in Shields
  4640 | D:5      | Reached XP level 8. HP: 52/70 MP: 7/7
  4810 | D:5      | Reached skill level 8 in Long Blades
  5369 | D:6      | Found the +5 sword of Power {vorpal}
  5677 | D:6      | Reached skill level 9 in Long Blades
  5838 | D:6      | Reached XP level 9. HP: 62/79 MP: 8/8
  6355 | D:7      | Paralysed by a hornet for 1 turns
  6360 | D:7      | Noticed Pikel
  6660 | D:7      | Found a hide-covered altar of Uskayaw.
  6688 | D:8      | Noticed a troll
  6689 | D:8      | Found a stormy altar of Qazlal.
  6705 | D:7      | Killed a troll
  6706 | D:7      | Reached skill level 10 in Long Blades
  7001 | D:8      | Identified the +11 hunting sling "Waizazirr" {freeze, rElec
                  | rF++}
  7219 | D:8      | Paralysed by a hornet for 3 turns
  7227 | D:8      | Paralysed by a hornet for 2 turns
  7950 | D:7      | Paralysed by a hornet for 3 turns
  7958 | D:7      | Paralysed by a hornet for 3 turns
  8200 | D:7      | Found a broken altar of Ashenzari.
  8241 | D:7      | Found a staircase to the Ecumenical Temple.
  8260 | Temple   | Entered the Ecumenical Temple
  8281 | Temple   | Became a worshipper of Warmaster Okawaru
  8331 | D:7      | Killed Pikel
  8331 | D:7      | Reached * piety under Okawaru
  8332 | D:7      | Reached skill level 11 in Long Blades
  8332 | D:7      | Reached XP level 10. HP: 87/88 MP: 9/9
  8976 | D:4      | Killed xoxolimbo's ghost
  9122 | D:9      | Found a shimmering altar of Xom.
  9184 | D:9      | Reached skill level 10 in Armour
  9804 | D:9      | Noticed Psyche
  9812 | D:9      | Killed Psyche
 10574 | D:10     | Entered Level 10 of the Dungeon
 10584 | D:10     | Reached ** piety under Okawaru
 10707 | D:10     | Noticed a two-headed ogre
 10722 | D:10     | Killed a two-headed ogre
 10723 | D:10     | Reached skill level 12 in Long Blades
 10749 | D:10     | Identified the amulet of Nedgher {Will+ Regen+}
 11026 | D:10     | Found a staircase to the Lair.
 11074 | D:10     | Noticed Erica
 11087 | D:10     | Killed Erica
 11087 | D:10     | Reached *** piety under Okawaru
 11088 | D:10     | Reached XP level 11. HP: 19/95 MP: 8/10
 11156 | D:10     | Noticed a cyan ugly thing
 11170 | D:10     | Killed a cyan ugly thing
 11192 | D:10     | Noticed Nergalle
 11193 | D:10     | Noticed a spectral orc warlord
 11193 | D:10     | Noticed a deep elf pyromancer
 11206 | D:10     | Killed a deep elf pyromancer
 11327 | D:10     | Killed Nergalle
 11327 | D:10     | Reached **** piety under Okawaru
 11372 | D:10     | Identified the +8 falchion of Piaki {drain, rPois MP-9
                  | Int+7 Dex+4}
 11451 | D:10     | Noticed Sonja
 11476 | D:10     | Cast into level 1 of the Abyss (Sonja)
 11504 | Abyss:1  | Reached skill level 13 in Long Blades
 11538 | Abyss:1  | Reached skill level 1 in Invocations
 11559 | Abyss:1  | Noticed a thrashing horror
 11560 | Abyss:1  | Noticed a thrashing horror
 11576 | Abyss:1  | Noticed a blizzard demon
 11577 | Abyss:1  | Noticed a thrashing horror
 11591 | Abyss:1  | HP: 4/97 [thrashing horror (2)]
 11592 | Abyss:1  | Killed a thrashing horror
 11594 | Abyss:1  | Killed a thrashing horror
 11596 | Abyss:1  | Mangled by a thrashing horror

Illustrated notes

Levels and vault maps discovered:
D:1:      dpeg_arrival_rooms_with_view, layout_rooms,
          shapermc_ecumenical_altar_mp_vishouse, nrook_loot_triangle,
          amcnicky_mini_rare_corridor_liquid
D:2:      layout_basic, minmay_rat_hole
D:3:      layout_rooms, mainiacjoe_overflow_swirl, uniq_robin, uniq_grinder
D:4:      layout_cave_pools, mainiacjoe_overflow_two_lobes,
          ebering_ghost_reflecting_pool, minmay_starry_boxes
D:5:      minmay_chambers_of_threes, layout_cave_pools,
          gammafunk_temple_overflow_arena, minmay_misc_feat_room
D:6:      layout_basic
D:7:      layout_basic, mainiacjoe_overflow_brackets,
          mainiacjoe_overflow_alcove_4, minmay_temple_entry_stoned_glass,
          uniq_pikel
D:8:      layout_basic, mainiacjoe_overflow_cross_hatched
D:9:      layout_layer_cave, general_overflow_altar, serial_bayou_pond_e,
          minivault_11, uniq_psyche
D:10:     layout_irregular_city, mainiacjoe_overflow_alcove_1,
          david_lair_shrubbed, david_orc_1_choice, minmay_misc_feat_nine_boxes,
          grunt_decor_cap, hellmonk_guarded_unrand_cigotuvi, uniq_gastronok,
          uniq_nergalle, uniq_sonja, uniq_erica
Temple:   minmay_temple_bridge_abc
Abyss:1:  base:
D:3

Skill      XL: |  1  2  3  4  5  6  7  8  9 10 11 |
---------------+----------------------------------+-----
Armour         | 4 5 6 7 9 11 12 | 12.2
Fighting       | 4 5 6 7 8 9 |  9.7
Long Blades    | 3 5 7 9 11 12 13 | 13.5
Shields        | 4 5 6 7 |  7.9
Dodging        | 1 2 3 4 |  4.0
Stealth        | 1 |  1.8
Invocations    | 1 |  1.0

Action                   |  1- 3 |  4- 6 |  7- 9 | 10-12 || total
-------------------------+-------+-------+-------+-------++-------
Melee: Long sword        |    68 |   157 |   376 |   142 ||   743
       Headbutt          |    15 |    27 |    65 |    50 ||   157
       Scimitar          |       |       |       |    48 ||    48
       Falchion          |       |       |       |    46 ||    46
Invok: Heroism           |       |       |       |     5 ||     5
  Use: Scroll            |       |     4 |     2 |     3 ||     9
       Potion            |       |     3 |     3 |     1 ||     7
 Stab: Distracted        |       |       |     1 |       ||     1
Armor: Scale mail        |    25 |    88 |   152 |       ||   265
       Plate armour      |       |       |    53 |   236 ||   289
       Chain mail        |       |       |     4 |       ||     4
Dodge: Dodged            |    32 |    89 |   204 |   118 ||   443
Block: Buckler           |    13 |    44 |    91 |    81 ||   229

Table legend: (Time is in decaauts)
 A = Elapsed time spent in this place.
 B = Non-inter-level travel time spent in this place.
 C = Inter-level travel time spent in this place.
 D = Time resting spent in this place.
 E = Time spent auto-exploring this place.
 F = Levels seen in this place.
 G = Mean time per level.
                   A        B        C        D        E       F      G
               +--------+--------+--------+--------+--------+-----+--------+
         Total |  11606 |  11217 |    389 |   1352 |   7329 |  12 |  967.2 |
       Dungeon |  11452 |  11063 |    389 |   1352 |   7285 |  10 | 1145.2 |
        Temple |     42 |     42 |      0 |      0 |      0 |   1 |   42.0 |
         Abyss |    111 |    111 |      0 |      0 |     44 |   1 |  111.0 |
               +--------+--------+--------+--------+--------+-----+--------+

Top non-repeatable levels by time:
     D:9: 1527 daAuts
     D:7: 1321 daAuts
     D:8: 1248 daAuts
     D:2: 1223 daAuts
     D:3: 1134 daAuts
     D:6: 1094 daAuts
     D:5: 1087 daAuts
     D:4: 1030 daAuts
     D:1: 905 daAuts
    D:10: 880 daAuts
 Abyss:1: 111 daAuts
  Temple: 42 daAuts
